 Dungeon Crawl Stone Soup version 0.25.1-2-g60ff931df9 (webtiles) character file.

Game seed: 10903073604275130180

2765 Queen the Grappler (level 9, 0/83 HPs)
             Began as a Troll Monk on Nov 5, 2020.
             Was a Believer of the Shining One.
             Succumbed to a killer bee's poison
             ... on level 8 of the Dungeon.
             The game lasted 00:11:16 (5844 turns).

Queen the Grappler (Troll Monk)                     Turns: 5844, Time: 00:11:17

Health: 0/83       AC:  7    Str: 30    XL:     9   Next: 42%
Magic:  7/8        EV: 12    Int:  6    God:    the Shining One [**....]
Gold:   105        SH:  6    Dex: 12    Spells: 8/8 levels left

rFire    . . .     SeeInvis .     - Unarmed
rCold    . . .     Gourm    +   (no shield)
rNeg     + . .     Faith    .   a - +0 robe
rPois    .         Spirit   .   (helmet restricted)
rElec    .         Reflect  .   q - +0 cloak
rCorr    .         Harm     .   (gloves unavailable)
MR       .....                  (boots unavailable)
Stlth    +.........             m - amulet of regeneration
HPRegen  1.03/turn              t - +6 ring of strength
MPRegen  0.11/turn              (no ring)

@: lethally poisoned (0 -> -5), divine shield, glowing
A: large, unfitting armour, claws 3, fast metabolism 3, gourmand, regeneration
1, shaggy fur 1, tough skin 3
a: Divine Shield, Renounce Religion


You were on level 8 of the Dungeon.
You worshipped the Shining One.
The Shining One was pleased with you.
You were completely stuffed.

You visited 2 branches of the dungeon, and saw 9 of its levels.

You collected 553 gold pieces.
You spent 448 gold pieces at shops.

Inventory:

Armour
 a - a +0 robe (worn)
 q - a +0 cloak (worn)
Jewellery
 m - an amulet of regeneration (around neck)
 t - a +6 ring of strength (left claw)
Scrolls
 g - 2 scrolls of enchant weapon
 i - a scroll of fog
 j - 4 scrolls of enchant armour
 l - 3 scrolls of remove curse
 n - a scroll of magic mapping
 u - 5 scrolls of teleportation
 v - 2 scrolls of fear
 x - a scroll of blinking
Potions
 c - 2 potions of stabbing {unknown}
 e - 2 potions of ambrosia {unknown}
 f - 3 potions of cancellation {unknown}
 h - a potion of might {unknown}
 k - a potion of curing {unknown}
 o - 5 potions of haste {unknown}
 p - 3 potions of lignification {unknown}
 r - a potion of mutation {unknown}
 s - 2 potions of brilliance {unknown}
 z - 5 potions of heal wounds {unknown}
Comestibles
 b - 13 rations


   Skills:
 + Level 3.3 Fighting
 + Level 4.7 Dodging
 - Level 1.0 Stealth
 * Level 11.8 Unarmed Combat


You had 8 spell levels left.
You didn't know any spells.
Your spell library contained the following spells:

 Spells                   Type           Power        Failure   Level  Hunger
 Animate Skeleton         Necr           N/A          45%         1    ##.....
 Beastly Appendage        Tmut           #.....       45%         1    ##.....
 Pain                     Necr           #...         45%         1    ##.....
 Shock                    Conj/Air       #...         45%         1    ##.....
 Sticks to Snakes         Tmut           #.......     58%         2    ###....
 Swiftness                Chrm/Air       #.......     58%         2    ###....
 Spider Form              Tmut/Pois      #.........   83%         3    ####...
 Static Discharge         Conj/Air       #.......     83%         3    ####...
 Vampiric Draining        Necr           #.........   83%         3    ####...
 Airstrike                Air            #.........   99%         4    #####..
 Animate Dead             Necr           N/A          99%         4    #####..
 Ice Form                 Ice/Tmut       #.......     99%         4    #####..
 Agony                    Necr           #.......     100%        5    ######.
 Blade Hands              Tmut           #.........   100%        5    ######.
 Lightning Bolt           Conj/Air       #.........   100%        5    ######.


Dungeon Overview and Level Annotations

Branches:
Dungeon (8/15)             Temple (1/1) D:4
   Lair: D:8-11

Altars:
Ashenzari
Cheibriados
Fedhas
Hepliaklqana
Kikubaaqudgha
Nemelex Xobeh
Okawaru
Qazlal
Ru
Sif Muna
Trog
Uskayaw
Vehumet
Wu Jian
Xom
Yredelemnul
Zin
The Shining One

Shops:
D:7 ?

Annotations:
D:3 2 runed translucent doors, Quickbrownfox's ghost, amateur OpVM


Innate Abilities, Weirdness & Mutations

You are too large for most types of armour.
You have claws for hands.
Your metabolism is lightning-fast.
You like to eat raw meat.
Your natural rate of healing is unusually fast.
You are covered in fur. (AC +1)
You have extremely tough skin. (AC +3)


Message History

You kill the killer bee!
You feel sick. The killer bee stings you.
* * * LOW HITPOINT WARNING * * *
You are more poisoned.
The killer bee poisons you!
You feel sick. You block the killer bee's attack.
You feel sick.
You feel sick. The killer bee barely misses you.
You block the killer bee's attack.
You feel sick. The killer bee stings you!
* * * LOW HITPOINT WARNING * * *
You feel sick.
The killer bee stings you but does no damage.
You claw the killer bee!
The killer bee is severely wounded.
You feel sick. The killer bee misses you. The killer bee stings you.
* * * LOW HITPOINT WARNING * * *
You are more poisoned.
The killer bee poisons you!
You die...

##..........†####......#.
#...##.......# ####...#
#..###.......#######...#.
#..# #..>................
#..# #........#.##.#.....
#..# #......... ##.#.....
#..###......#.####.#...#.
#........##.#............
#.######@# #.#....#.#.#.
#.# #.# #.#....#.#.#. #.#
#y# #.....#.#..
#.######y#####.....#.#
#.##...yyy.........#.#
#.##.#.#.#####....##.####
#.##.#.#.# #.............
######.##.#.#.#
#.#######.####
#......##.#...# #.#...#
#.....


You could see 5 killer bees.

Vanquished Creatures
  A wyvern (D:8)
  Sigmund (D:7)
  Edmund (D:7)
  An orc warrior (D:6)
  A black bear (D:8)
  2 sky beasts
  4 ice beasts
  2 centaurs
  A crocodile (D:7)
  A big kobold (D:7)
  2 bullfrogs
  A scorpion (D:6)
  A killer bee (D:8)
  3 howler monkeys
  4 bullfrog zombies
  2 crimson imps
  3 bullfrog skeletons
  3 hounds
  An orc wizard (D:3)
  An orc priest (D:6)
  Terence (D:2)
  An iguana (D:8)
  7 worker ants
  2 hound zombies
  9 adders
  7 gnolls
  A shadow imp (D:6)
  2 oozes
  An adder skeleton (D:4)
  4 worms
  2 dart slugs
  5 leopard geckos
  19 orcs
  12 bats
  3 giant cockroaches
  5 hobgoblins
  15 jackals
  4 quokkas
  9 frilled lizards
  6 goblins
  A jackal zombie (D:5)
  15 kobolds
  A leopard gecko skeleton (D:5)
  A quokka skeleton (D:4)
  6 rats
175 creatures vanquished.

Notes
Turn   | Place    | Note
-------+----------+-------------------------------------------
     0 | D:1      | Queen the Troll Monk began the quest for the Orb.
     0 | D:1      | Reached XP level 1. HP: 22/22 MP: 0/0
    71 | D:1      | Reached XP level 2. HP: 27/29 MP: 1/1
   377 | D:1      | Reached XP level 3. HP: 33/36 MP: 2/2
   750 | D:2      | Noticed Terence
   762 | D:2      | Killed Terence
   762 | D:2      | Reached skill level 4 in Unarmed Combat
   842 | D:2      | Reached XP level 4. HP: 34/44 MP: 3/3
  1247 | D:2      | Reached XP level 5. HP: 52/52 MP: 4/4
  1513 | D:3      | Reached skill level 5 in Unarmed Combat
  1841 | D:3      | Found a runed translucent door.
  1841 | D:3      | Noticed Quickbrownfox's ghost (amateur OpVM)
  1860 | D:3      | Found a blossoming altar of Fedhas.
  2096 | D:3      | Reached XP level 6. HP: 59/59 MP: 5/5
  2262 | D:3      | Found a runed translucent door.
  2357 | D:4      | Found a bloodstained altar of Trog.
  2366 | D:4      | Noticed an ice beast
  2373 | D:4      | Killed an ice beast
  2373 | D:4      | Reached skill level 6 in Unarmed Combat
  2561 | D:4      | Found a staircase to the Ecumenical Temple.
  2591 | Temple   | Entered the Ecumenical Temple
  2921 | D:4      | Reached skill level 7 in Unarmed Combat
  2921 | D:4      | Reached XP level 7. HP: 58/67 MP: 6/6
  3359 | D:5      | Entered Level 5 of the Dungeon
  3866 | D:5      | Reached skill level 8 in Unarmed Combat
  4315 | D:6      | Reached XP level 8. HP: 53/75 MP: 7/7
  4405 | D:6      | Reached skill level 9 in Unarmed Combat
  4913 | D:7      | Reached skill level 10 in Unarmed Combat
  5006 | D:7      | Found Darud's Magic Scroll Shop.
  5118 | D:7      | Bought a scroll of identify for 28 gold pieces
  5118 | D:7      | Bought a scroll of identify for 28 gold pieces
  5118 | D:7      | Bought a scroll of identify for 28 gold pieces
  5118 | D:7      | Bought a scroll of magic mapping for 49 gold pieces
  5118 | D:7      | Bought a scroll of enchant armour for 105 gold pieces
  5118 | D:7      | Bought a scroll of blinking for 105 gold pieces
  5118 | D:7      | Bought a scroll of enchant armour for 105 gold pieces
  5130 | D:7      | Noticed Edmund
  5131 | D:7      | Noticed Sigmund
  5133 | D:7      | Killed Edmund
  5137 | D:7      | Killed Sigmund
  5137 | D:7      | Reached XP level 9. HP: 77/83 MP: 8/8
  5170 | D:7      | Reached skill level 11 in Unarmed Combat
  5255 | D:7      | Found an iron altar of Okawaru.
  5457 | Temple   | Became a worshipper of the Shining One
  5457 | Temple   | Reached * piety under the Shining One
  5457 | Temple   | Reached ** piety under the Shining One
  5843 | D:8      | HP: 1/83 [killer bee (5)]
  5844 | D:8      | Succumbed to a killer bee's poison

Illustrated notes

Levels and vault maps discovered:
D:1:      nicolae_arrival_washed_ashore, layout_loops_ring
D:2:      layout_loops_ring, chequers_serial_rivers_small_a, uniq_terence
D:3:      layout_basic, overflow_temple_1_default, ebering_ghost_sewer_f
D:4:      layout_layer_cave, bloody_trog, minmay_temple_entry_grid
D:5:      layout_gridville, first_ration
D:6:      layout_cave_pools
D:7:      layout_rooms, kennysheep_little_box, serial_shops, shop,
          sigmund_edmund_badplayer
D:8:      layout_basic, nicolae_gozag_cash_rules_everything_around_me
Temple:   regret_index_temple_waves

Skill      XL: |  1  2  3  4  5  6  7  8  9 |
---------------+----------------------------+-----
Unarmed Combat | 4 5 7 8 10 11 | 11.8
Dodging        | 3 4 |  4.7
Fighting       | 3 |  3.3
Stealth        | |  1.0

Action                   |  1- 3 |  4- 6 |  7- 9 || total
-------------------------+-------+-------+-------++-------
Melee: Unarmed           |    76 |   179 |   212 ||   467
       Punch             |     1 |     1 |     6 ||     8
Invok: Divine Shield     |       |       |     1 ||     1
  Use: Scroll            |       |       |     9 ||     9
 Stab: Sleeping          |     1 |     5 |     1 ||     7
  Eat: Chunk             |    13 |    19 |    27 ||    59
Armor: Robe              |    39 |    57 |    63 ||   159
Dodge: Dodged            |    37 |    74 |   138 ||   249
Block: Other             |       |       |     7 ||     7
